 Dungeon Crawl Stone Soup version 0.30.1-1-g62c8e00024 (webtiles) character file.

Game seed: 5549778284839594047

32378 safid the Gelid (level 13, -21/81 (86) HPs)
             Began as a Merfolk Ice Elementalist on July 14, 2023.
             Was an Elder of Sif Muna.
             Killed from afar by a red draconian scorcher (45 damage)
             ... with a fireball
             ... on level 2 of the Abyss.
             The game lasted 00:47:54 (17579 turns).

safid the Gelid (Merfolk Ice Elementalist)         Turns: 17579, Time: 00:47:55

HP:   -21/81 (86)   AC:  5    Str:  8    XL:     13   Next: 64%
MP:   27/27         EV: 27    Int: 26    God:    Sif Muna [****..]
Gold: 284           SH:  3    Dex: 14    Spells: 13/32 levels left

rFire   . . .        c - +2 trident (venom)
rCold   x . .        r - +0 buckler
rNeg    . . .        a - +0 robe
rPois   +            y - +1 hat
rElec   .            (no cloak)
rCorr   .            w - +1 pair of gloves
SInv    .            B - +0 pair of boots
Will    .....        K - amulet of Life {Acrobat Regen+}
Stlth   ++           h - ring of poison resistance
HPRegen 0.00/turn    I - +6 ring of intelligence
MPRegen 0.20/turn

%: acrobat
@: acrobatic, sick, hasted and slowed, drained
A: (nimble swimmer 2), mertail, [deformed body], [frail 2], [cold vulnerability
1]
a: Renounce Religion, Channel Magic, Forget Spell, Divine Exegesis


You were on level 2 of the Abyss.
You worshipped Sif Muna.
Sif Muna was greatly pleased with you.
You visited 3 branches of the dungeon, and saw 16 of its levels.
You visited the Abyss 1 time.
You also visited: Ossuary.

You collected 914 gold pieces.
You spent 630 gold pieces at shops.

Inventory:

Hand Weapons
 c - a +2 trident of venom (weapon)
Missiles
 n - 3 throwing nets
 x - 2 curare-tipped darts
Armour
 a - a +0 robe (worn)
 r - a +0 buckler (worn)
 w - a +1 pair of gloves (worn)
 y - a +1 hat (worn)
 B - a +0 pair of boots (worn)
Jewellery
 f - a ring of flight
 h - a ring of poison resistance (left hand)
 I - a +6 ring of intelligence (right hand)
 K - the amulet of Life (around neck) {Acrobat Regen+}
   (You found it on level 9 of the Dungeon)

   [amulet of the acrobat]

   It increases your evasion while moving and waiting.
   Regen:     It increases your rate of health regeneration.
 R - a ring of resist corrosion
Wands
 L - a wand of flame (13)
 M - a wand of polymorph (6)
 O - a wand of roots (12)
 P - a wand of digging (9)
 U - a wand of light (5)
Scrolls
 g - 2 scrolls of butterflies
 i - a scroll of brand weapon {unknown}
 j - 4 scrolls of silence
 l - 4 scrolls of enchant armour
 q - 5 scrolls of magic mapping
 t - 3 scrolls of fog
 u - a scroll of noise {unknown}
 v - 3 scrolls of blinking
 A - a scroll of immolation {unknown}
 D - 4 scrolls of fear
 E - a scroll of amnesia {unknown}
 F - 2 scrolls of poison
 J - 2 scrolls of enchant weapon
 Q - a scroll of acquirement {unknown}
Potions
 b - 3 potions of magic
 d - 2 potions of might {unknown}
 e - 4 potions of invisibility
 k - 5 potions of curing
 m - 4 potions of mutation
 o - 5 potions of lignification
 p - a potion of heal wounds
 z - a potion of brilliance {unknown}
 C - a potion of berserk rage {unknown}
 H - 3 potions of cancellation
 T - a potion of ambrosia {unknown}
Miscellaneous
 S - a lightning rod (4/4)


   Skills:
 - Level 12.0 Fighting
 - Level 4.0 Dodging
 - Level 2.1 Stealth
 - Level 10.0 Spellcasting
 + Level 2.9 Conjurations
 + Level 15.7 Ice Magic
 + Level 2.9 Air Magic
 + Level 9.5 Invocations


You had 13 spell levels left.
You knew the following spells:

 Your Spells              Type           Power      Damage    Failure   Level
a - Freeze                Ice            100%       1d10      0%          1
b - Frozen Ramparts       Ice            100%       1d16      1%          3
c - Ozocubu's Armour      Ice            76%        N/A       1%          3
d - Ozocubu's Refrigerat  Ice            38%        4d15      10%         7
e - Freezing Cloud        Conj/Ice/Air   25%        6-21      11%         5

Your spell library contained the following spells:

 Spells                   Type           Power      Damage    Failure   Level
 Magic Dart               Conj           100%       1d8       2%          1
 Summon Ice Beast         Ice/Summ       52%        N/A       3%          4
 Apportation              Tloc           26%        N/A       8%          1
 Necrotise                Necr           52%        1d6       8%          1
 Sandblast                Erth           26%        2d8       8%          1
 Summon Small Mammal      Summ           52%        N/A       8%          1
 Cigotuvi's Dreadful Rot  Necr/Pois/Air  36%        N/A       8%          2
 Mephitic Cloud           Conj/Pois/Air  23%        N/A       10%         3
 Call Imp                 Summ           26%        N/A       11%         2
 Lesser Beckoning         Tloc           26%        N/A       11%         2
 Passwall                 Tmut/Erth      10%        N/A       11%         2
 Stone Arrow              Conj/Erth      40%        3d9       12%         3
 Gell's Gravitas          Tloc           13%        N/A       22%         3
 Ignite Poison            Fire/Tmut/Pois 13%        N/A       22%         3
 Teleport Other           Tloc           13%        N/A       22%         3
 Vampiric Draining        Necr           13%        2d6       22%         3
 Agony                    Necr           13%        N/A       90%         5


Dungeon Overview and Level Annotations

Branches:
Dungeon (10/15)            Temple (1/1) D:5            Lair (5/5) D:9
  Swamp (0/4) Lair:3       Spider (0/4) Lair:3      Ossuary (visited)
  Slime: Lair:4-5       Orc: D:9-12

Altars:
Ashenzari
Cheibriados
Dithmenos
Elyvilon
Fedhas
Gozag
Hepliaklqana
Kikubaaqudgha
Makhleb
Nemelex Xobeh
Okawaru
Qazlal
Ru
Sif Muna
Trog
Uskayaw
Vehumet
Wu Jian
Xom
Yredelemnul
Zin
The Shining One

Shops:
D:9 ([!

Annotations:
D:6 1 runed translucent door, Crazy Yiuf
Lair:3 2 runed translucent doors, Pepete's ghost, journeyman DjFE


Innate Abilities, Weirdness & Mutations

((You are very nimble when in or above water. (Stealth+, EV+, Speed+++)))
Your lower body shifts to a powerful aquatic tail in water.
[Armour fits poorly on your strangely shaped body.]
[You are very frail. (-20% HP)]
[You are vulnerable to cold. (rC-)]


Message History

The frozen ramparts melt away as you move.
You start to feel less resistant.
Your resistance to elements expires.
The glowing orange brain turns its attention towards you.
Okay, then.
Unknown command.
Unknown command.
Press: ? - help, v - describe, . - travel
Here: a lich The floor.
You feel yourself speed up.
The lich points at you and mumbles some strange words.
You feel yourself slow down.
An efreet comes into view.
It is wielding a +2 scimitar of flaming.
You barely miss the efreet.
The lich gestures at you while chanting.
The bolt of cold hits you!!!!
You feel a terrible chill!
Ouch! That really hurt!
* * * LOW HITPOINT WARNING * * *
The efreet completely misses you.
Unknown command.
You feel much better. The efreet barely misses you.
The glowing orange brain pulsates.
You are confused.
The lich touches you.
You feel drained. The efreet gestures at you. The bolt of fire misses you.
The lich attacks as you move away! The lich touches you!
* * * LOW HITPOINT WARNING * * *
You feel drained.
* * * LOW HITPOINT WARNING * * *
The efreet closely misses you.
You are too confused!
You feel better.
You are suddenly pulled into a different region of the Abyss!
The red draconian scorcher roars!
You hear a screech!
The red draconian scorcher points at you and mumbles some strange words.
The fireball explodes!
The fireball engulfs you!!!
Ouch! That really hurt!
You die...

.###. ..# ## ....
##.# .. .. . ... ..#
... #. # ....# #
##..# .# #.....## ##.
#....####.## #... ...
..# .........# ....
##. ..
#.#..##.####.... # ..
..#.#...##@.........#
#...q............#..#
# #....######.#.....
.# .#. +...........
#.........###
######## ##


You could see a red draconian scorcher.

Vanquished Creatures
  Gastronok (D:9)
  2 hydras
  3 two-headed ogres
  A boulder beetle (Lair:2)
  4 death yaks (Lair:4)
  2 skysharks
  An orb spider (Lair:3)
  2 black mambas
  A torpor snail (Lair:5)
  11 cane toads
  A gargoyle (D:10)
  3 rime drakes (Lair:5)
  A kobold demonologist (D:9)
  4 komodo dragons
  An ancient zyme (Abyss:2)
  A troll (D:9)
  A polar bear (Lair:1)
  A hornet (D:10)
  13 blink frogs
  4 raiju (Abyss:2)
  9 dream sheep (Lair:4)
  A slime creature (Lair:5)
  A shadow (D:7)
  24 yaks
  4 wyverns
  A basilisk (Lair:3)
  2 acid dragons (D:8)
  15 water moccasins
  A sky beast (D:7)
  4 black bears
  6 orc warriors
  3 ogres
  3 centaurs
  5 wolves (Lair:1)
  3 elf zombies (Ossuary)
  A kobold brigand (D:9)
  6 necrophages (Lair:3)
  10 bullfrogs
  3 scorpions
  A gnoll sergeant (D:9)
  4 wights
  5 killer bees (D:8)
  2 electric eels
  7 howler monkeys
  2 centaur zombies (Ossuary)
  A quasit (Abyss:2)
  7 human zombies (Ossuary)
  A jelly (D:6)
  8 orc priests
  4 hounds
  2 iguanas
  A sleepcap (D:5)
  11 orc wizards
  2 human simulacra (D:10)
  3 mummies (Ossuary)
  15 gnolls
  9 adders
  3 worms
  2 dart slugs (D:4)
  59 orcs
  A ball python (D:2)
  7 endoplasms
  5 giant cockroaches
  2 goblins
  8 hobgoblins
  8 kobolds
  A quokka (D:2)
  4 bats
  6 frilled lizards
  8 rats
359 creatures vanquished.

Vanquished Creatures (others)
  An iron imp (Abyss:2)
  8 starspawn tentacles (Abyss:2)
9 creatures vanquished.

Grand Total: 368 creatures vanquished

Notes
Turn   | Place    | Note
-------+----------+-------------------------------------------
     0 | D:1      | safid the Merfolk Ice Elementalist began the quest for the
                  | Orb.
     0 | D:1      | Reached XP level 1. HP: 13/13 MP: 3/3
   221 | D:1      | Reached XP level 2. HP: 9/20 MP: 0/5
   236 | D:1      | Reached skill level 1 in Fighting
   758 | D:2      | Reached XP level 3. HP: 17/26 MP: 1/6
  1335 | D:2      | Found a glowing golden altar of the Shining One.
  1411 | D:2      | Reached skill level 5 in Ice Magic
  1411 | D:2      | Reached XP level 4. HP: 33/33 MP: 4/8
  1567 | D:2      | Learned a level 3 spell: Frozen Ramparts
  1571 | D:2      | Learned a level 3 spell: Ozocubu's Armour
  2095 | D:3      | Reached XP level 5. HP: 39/39 MP: 9/9
  2580 | D:3      | Reached XP level 6. HP: 47/47 MP: 8/11
  3209 | D:4      | Reached skill level 6 in Ice Magic
  3613 | D:5      | Entered Level 5 of the Dungeon
  3848 | D:5      | Reached XP level 7. HP: 54/54 MP: 6/13
  4156 | D:5      | Found a staircase to the Ecumenical Temple.
  4165 | Temple   | Entered the Ecumenical Temple
  5130 | D:6      | Reached skill level 5 in Fighting
  5135 | D:6      | HP: 4/81 [wight/+4 scimitar (6)]
  5136 | D:6      | Gained mutation: You are clumsy. (Dex -2) [potion of
                  | mutation]
  5136 | D:6      | Gained mutation: Your flesh is heat resistant. (rF+)
                  | [potion of mutation]
  5367 | D:6      | Reached skill level 7 in Ice Magic
  5400 | D:6      | Reached skill level 5 in Spellcasting
  5400 | D:6      | Reached XP level 8. HP: 51/58 MP: 11/15
  5420 | D:6      | Found a sand-covered staircase.
  5425 | Ossuary  | Entered an ossuary
  6195 | D:6      | Found a runed translucent door.
  6196 | D:6      | Noticed Crazy Yiuf
  6240 | D:6      | Reached skill level 8 in Ice Magic
  6304 | D:6      | Learned a level 7 spell: Ozocubu's Refrigeration
  6597 | D:7      | Reached XP level 9. HP: 71/71 MP: 11/18
  7450 | D:7      | Reached skill level 9 in Ice Magic
  7939 | D:8      | Noticed a two-headed ogre
  7956 | D:8      | Killed a two-headed ogre
  7957 | D:8      | Reached XP level 10. HP: 29/82 MP: 8/21
  8134 | D:8      | Noticed a two-headed ogre
  8148 | D:8      | Killed a two-headed ogre
  8149 | D:8      | Reached skill level 10 in Ice Magic
  9717 | Temple   | Became a worshipper of Sif Muna the Loreminder
  9810 | D:9      | Found Teblon's Weapon Emporium.
  9810 | D:9      | Found Daraudics's Armour Emporium.
  9810 | D:9      | Found Miequu's Distillery.
  9851 | D:9      | Noticed Gastronok
  9861 | D:9      | Noticed a kobold demonologist
  9867 | D:9      | Killed Gastronok
  9868 | D:9      | Reached skill level 10 in Fighting
  9868 | D:9      | Reached skill level 11 in Ice Magic
  9868 | D:9      | Reached XP level 11. HP: 60/91 MP: 14/23
 10072 | D:9      | Identified the amulet of Life {Acrobat Regen+}
 10532 | D:9      | Found a staircase to the Lair.
 10713 | D:9      | Reached * piety under Sif Muna
 10989 | D:9      | Reached skill level 12 in Ice Magic
 11083 | D:10     | Entered Level 10 of the Dungeon
 11180 | D:10     | Reached ** piety under Sif Muna
 11305 | D:10     | Found a radiant altar of Vehumet.
 11480 | D:10     | Noticed a two-headed ogre
 11486 | D:10     | Killed a two-headed ogre
 11559 | D:9      | Bought a potion of heal wounds for 75 gold pieces
 11559 | D:9      | Bought a potion of attraction for 45 gold pieces
 11559 | D:9      | Bought a potion of resistance for 150 gold pieces
 11559 | D:9      | Bought a potion of invisibility for 120 gold pieces
 11559 | D:9      | Bought a potion of heal wounds for 75 gold pieces
 11559 | D:9      | Bought a potion of haste for 150 gold pieces
 11559 | D:9      | Bought a potion of degeneration for 15 gold pieces
 11775 | D:10     | Noticed a four-headed hydra
 11782 | D:10     | Killed a four-headed hydra
 11783 | D:10     | Reached skill level 10 in Spellcasting
 12098 | Lair:1   | Entered Level 1 of the Lair of Beasts
 12274 | Lair:1   | Reached XP level 12. HP: 99/102 MP: 20/26
 12316 | Lair:1   | You fall into a shaft and drop 1 floor!
 12331 | Lair:1   | Reached skill level 13 in Ice Magic
 12331 | Lair:1   | Reached skill level 1 in Invocations
 12914 | Lair:2   | Noticed a skyshark
 12925 | Lair:2   | Killed a skyshark
 12994 | Lair:2   | Noticed a boulder beetle
 13024 | Lair:2   | Killed a boulder beetle
 13212 | Lair:2   | Reached skill level 5 in Invocations
 13357 | Lair:2   | Reached skill level 14 in Ice Magic
 14162 | Lair:3   | Reached *** piety under Sif Muna
 14814 | Lair:3   | Found a hole to the Spider Nest.
 14918 | Lair:3   | Found a large runed translucent door.
 14919 | Lair:3   | Found a large runed translucent door.
 14922 | Lair:3   | Noticed Pepete's ghost (journeyman DjFE)
 14931 | Lair:3   | Found a staircase to the Swamp.
 15205 | Lair:3   | Reached XP level 13. HP: 101/108 MP: 21/27
 15467 | Lair:4   | Reached skill level 15 in Ice Magic
 15676 | Lair:4   | Learned a level 5 spell: Freezing Cloud
 15677 | Lair:4   | Identified the +1 chain mail of Wetuimno {Will+}
 16059 | Lair:4   | Reached skill level 1 in Conjurations
 16059 | Lair:4   | Reached skill level 1 in Air Magic
 16513 | Lair:5   | Entered Level 5 of the Lair of Beasts
 16513 | Lair:5   | Found a glowing golden altar of the Shining One.
 16738 | Lair:5   | Reached **** piety under Sif Muna
 16918 | Abyss:2  | Cast into level 2 of the Abyss (a wizard)
 16980 | Abyss:2  | Found a corrupted altar of Lugonu.
 16982 | Abyss:2  | Noticed a purple draconian shifter
 17031 | Abyss:2  | Noticed a green draconian
 17153 | Abyss:2  | Noticed a starcursed mass
 17161 | Abyss:2  | Noticed a rakshasa
 17245 | Abyss:2  | Noticed a tentacled starspawn
 17258 | Abyss:2  | Noticed an Executioner
 17265 | Abyss:2  | Noticed a black draconian
 17402 | Abyss:2  | Paralysed by you for 5 turns
 17429 | Abyss:2  | Noticed a starcursed mass
 17463 | Abyss:2  | Noticed a lich
 17474 | Abyss:2  | Lost mutation: Your flesh is heat resistant. (rF+) [potion
                  | of mutation]
 17474 | Abyss:2  | Lost mutation: You are clumsy. (Dex -2) [potion of
                  | mutation]
 17474 | Abyss:2  | Gained mutation: [You are extremely vulnerable to cold.
                  | (rC---)] [potion of mutation]
 17474 | Abyss:2  | Gained mutation: You are covered in fur. (AC +1) [potion of
                  | mutation]
 17475 | Abyss:2  | Lost mutation: [You are extremely vulnerable to cold.
                  | (rC---)] [potion of mutation]
 17475 | Abyss:2  | Lost mutation: You are covered in fur. (AC +1) [potion of
                  | mutation]
 17475 | Abyss:2  | Gained mutation: You are agile. (Dex +4, Str/Int -1)
                  | [potion of mutation]
 17475 | Abyss:2  | Lost mutation: You are agile. (Dex +4, Str/Int -1) [potion
                  | of mutation]
 17577 | Abyss:2  | Noticed a red draconian scorcher
 17579 | Abyss:2  | Killed from afar by a red draconian scorcher

Illustrated notes

Levels and vault maps discovered:
D:1:      scummos_arrival_star, layout_basic
D:2:      layout_loops_cross, basic_altar, minmay_statues_item
D:3:      layout_loops_ring, nrook_mini_backslash, grunt_ministairs_1,
          cheibrodos_gnoll_hut
D:4:      layout_gridville
D:5:      layout_loops_corners, minmay_temple_entry_trees
D:6:      cheibrodos_helix_gallery, layout_basic, enter_ossuary_2,
          uniq_crazy_yiuf_cottage
D:7:      layout_gridville
D:8:      layout_cave_pods, st_stairs_1
D:9:      layout_basic, lair_entry_dummy, special_room [special_room_orc],
          nicolae_shop_distant_corner_stores, chequers_serial_rivers_large_a,
          uniq_gastronok
D:10:     layout_basic, vehumet_altar_wand_db, chequers_serial_rivers_marsh,
          bh_circular_ruins
Temple:   kilobyte_greek_temple
Lair:1:   layout_gridlike, st_stairs_11, lemuel_fruit_tree,
          infiniplex_staircase_pool, grunt_megastairs_1
Lair:2:   layout_cave_pods, serial_bayou_pond_c
Lair:3:   layout_small_grid, swamp_mist, nicolae_spider_entry_orb_guardian,
          ebering_ghost_disaster_area, columned_hall_lemuel,
          roderic_carrion_pond, serial_bayou_shore_a
Lair:4:   layout_loops_ring
Lair:5:   evil_forest, layout_cave_pods, minmay_slime_entry_pillars,
          basic_altar, chequers_serial_rivers_marsh, st_stairs_10
Abyss:2:  base: D:12, hangedman_abyss_or_decor_stagger,
          kilobyte_mutagenic_chamber

Skill      XL: |  1  2  3  4  5  6  7  8  9 10 11 12 13 |
---------------+----------------------------------------+-----
Fighting       | 1 2 3 4 5 6 8 10 12 | 12.0
Ice Magic      | 5 6 7 8 9 11 12 14 15 | 15.7
Spellcasting   | 3 4 5 6 7 8 10 | 10.0
Dodging        | 4 |  4.0
Invocations    | 7 9 |  9.5
Conjurations   | 2 |  2.9
Air Magic      | 2 |  2.9
Stealth        | |  2.1

Action                     |  1- 3 |  4- 6 |  7- 9 | 10-12 | 13-15 || total
---------------------------+-------+-------+-------+-------+-------++-------
  Melee: Dagger            |    20 |       |       |       |       ||    20
         Long sword        |    12 |    56 |    26 |       |       ||    94
         Scimitar          |       |       |   131 |       |       ||   131
         Trident           |       |       |    69 |   317 |   176 ||   562
         Tailslap          |       |       |       |     7 |       ||     7
   Fire: Sling             |    12 |       |       |       |       ||    12
   Cast: Freeze            |    41 |    27 |    18 |    25 |    23 ||   134
         Frozen Ramparts   |       |    11 |    32 |    65 |    21 ||   129
         Ozocubu's Armour  |       |     5 |    25 |    49 |    23 ||   102
    Use: Potion            |       |       |     9 |       |     9 ||    18
         Scroll            |       |       |     7 |     5 |     7 ||    19
   Stab: Sleeping          |     6 |     4 |     2 |       |       ||    12
         Distracted        |       |       |       |     1 |       ||     1
 Armour: Robe              |     9 |    15 |   117 |   134 |   136 ||   411
         Skin              |       |       |     9 |       |       ||     9
  Dodge: Dodged            |    39 |    53 |   125 |   219 |   200 ||   636
  Block: Buckler           |       |    19 |    28 |    45 |    26 ||   118
